 Dungeon Crawl Stone Soup version 0.30-a0-393-g54b8e3be05 (webtiles) character file.

Game seed: 15468544931512697394

129 freelancePsychic the Poker (level 5, -3/42 HPs)
             Began as a Merfolk Cinder Acolyte on Dec 6, 2022.
             Was a High Priest of Ignis.
             Slain by Ijyb
             ... wielding a +5 club
              (7 damage)
             ... on level 4 of the Dungeon.
             The game lasted 00:04:40 (3396 turns).

freelancePsychic the Poker (Merfolk Cinder Acolyte) Turns: 3396, Time: 00:04:41

Health: -3/42      AC:  3    Str: 14    XL:     5   Next: 12%
Magic:  3/6        EV: 11    Int: 14    God:    Ignis [*****.]
Gold:   135        SH:  0    Dex: 11    Spells: 3/6 levels left

rFire   + . .      SeeInvis .    a - -1 spear (flame)
rCold   . . .      Faith    .    (no shield)
rNeg    . . .      Spirit   .    t - +0 leather armour
rPois   .          Reflect  .    (no helmet)
rElec   .          Harm     .    (no cloak)
rCorr   .          Rampage  .    (no gloves)
Will    .....                    (no boots)
Stlth   +.........               (no amulet)
HPRegen 0.27/turn                (no ring)
MPRegen 0.10/turn                (no ring)

@: freezing walls
A: (nimble swimmer 2), mertail
a: Renounce Religion, Fiery Armour, Foxfire Swarm, Rising Flame


You were on level 4 of the Dungeon.
You worshipped Ignis.
Ignis was extremely pleased with you.
You visited 1 branch of the dungeon, and saw 4 of its levels.

You collected 135 gold pieces.

Inventory:

Hand Weapons
 a - a -1 spear of flaming (weapon)
Missiles
 d - 8 poisoned darts (quivered)
Armour
 b - a +0 robe
 t - a +0 leather armour (worn)
Jewellery
 v - a ring of flight
Scrolls
 f - 2 scrolls of fear {unknown}
 g - 5 scrolls of identify {unknown}
 h - 2 scrolls of teleportation {unknown}
 l - 2 scrolls of immolation {unknown}
 n - a scroll of enchant armour {unknown}
 o - 2 scrolls of enchant weapon {unknown}
 p - a scroll of summoning {unknown}
 s - a scroll of noise {unknown}
 w - a scroll of torment {unknown}
Potions
 c - a potion of degeneration {unknown}
 e - a potion of invisibility {unknown}
 i - 2 potions of brilliance {unknown}
 j - a potion of might {unknown}
 k - 2 potions of curing {unknown}
 m - a potion of attraction {unknown}
 q - a potion of magic {unknown}
 r - a potion of lignification {unknown}
 u - a potion of cancellation {unknown}


   Skills:
 + Level 4.2 Fighting
 - Level 6.1 Polearms
 - Level 2.0 Dodging
 - Level 1.0 Spellcasting
 - Level 2.1 Fire Magic
 * Level 1.0 Ice Magic


You had 3 spell levels left.
You knew the following spells:

 Your Spells              Type           Power      Damage    Failure   Level
b - Frozen Ramparts       Ice            6%         1d1       54%         3

Your spell library contained the following spells:

 Spells                   Type           Power      Damage    Failure   Level
 Scorch                   Fire           12%        2d5       21%         2
 Ice Form                 Ice/Tmut       2%         N/A       95%         4
 Summon Ice Beast         Ice/Summ       2%         N/A       95%         4


Dungeon Overview and Level Annotations

Branches:
Dungeon (4/15)
 Temple: D:4-7

Altars:
Cheibriados
Fedhas
Gozag
Makhleb

Shops:
D:2 [

Annotations:
D:3 3 runed translucent doors, voltaire321's ghost, amateur OpVM
D:4 Ijyb


Innate Abilities, Weirdness & Mutations

((You are very nimble when in or above water. (Stealth+, EV+, Speed+++)))
Your lower body shifts to a powerful aquatic tail in water.


Message History

You hit Ijyb but do no damage. Ijyb hits you with a +5 club!
You are too injured to fight recklessly!
You are too injured to fight recklessly!
Casting: Frozen Ramparts (quite dangerous; 54% risk of failure)
Confirm with . or Enter, or press ? or * to list all spells.
The spell is quite dangerous to miscast (54% risk of failure)!
Continue anyway?
Casting: Frozen Ramparts (quite dangerous; 54% risk of failure)
Press: ? - help, Dir - look around, f - activate The walls around you are covered in ice.
The wall freezes the goblin.
The goblin closely misses you.
The wall freezes Ijyb but does no damage.
Ijyb screams, "I no like you!" Ijyb hits you with a +5 club!
You are too injured to fight recklessly!
You hit Ijyb. You burn Ijyb.
Ijyb is lightly wounded.
You hit Ijyb but do no damage.
Ijyb is lightly wounded.
The wall freezes the goblin.
The goblin hits you with a +0 club.
The wall freezes Ijyb but does no damage.
Ijyb closely misses you.
You hit Ijyb but do no damage.
Ijyb is lightly wounded.
The wall freezes the goblin.
You kill the goblin!
The wall freezes Ijyb but does no damage.
Ijyb hits you with a +5 club!
* * * LOW HITPOINT WARNING * * *
You closely miss Ijyb.
Ijyb is lightly wounded.
The wall freezes Ijyb but does no damage.
Ijyb hits you with a +5 club!
* * * LOW HITPOINT WARNING * * *
Okay, then.
Activating: Foxfire Swarm
Press: ? - help, Dir - look around, f - activate Flames leap up around you!
The wall freezes Ijyb but does no damage.
Ijyb hits you with a +5 club!
You die...

############ ####
#......#...#..≈≈##
#......'...)..≈≈≈#
#...vvv#...#..≈≈≈#
#''##gv#########≈≈
#...#v@vv.....
#g).#vvvv.....
#...#vvvv..... .#
#...#......... ...#
#.g.#......... ≈≈.#
#...#..#########≈≈.#
#...#.)#...#..≈≈≈#.#
#..'...'..≈≈≈...
####...#..≈≈#.##


You could see Ijyb (ally target).

Vanquished Creatures
  2 adders (D:3)
  2 worms
  4 dart slugs
  5 orcs (D:3)
  7 bats
  6 endoplasms
  5 giant cockroaches
  10 goblins
  7 hobgoblins
  16 jackals
  5 kobolds
  A quokka (D:3)
  3 ball pythons
  6 rats
79 creatures vanquished.

Notes
Turn   | Place    | Note
-------+----------+-------------------------------------------
     0 | D:1      | freelancePsychic the Merfolk Cinder Acolyte began the quest
                  | for the Orb.
     0 | D:1      | Reached XP level 1. HP: 18/18 MP: 2/2
    17 | D:1      | Found a faded altar of an unknown god.
   212 | D:1      | Reached XP level 2. HP: 13/24 MP: 3/3
   368 | D:1      | Reached skill level 5 in Polearms
   384 | D:1      | Reached XP level 3. HP: 30/30 MP: 4/4
   836 | D:2      | Found Miesetz's Armour Boutique.
  1313 | D:2      | Found a burning altar of Makhleb.
  1486 | D:3      | Reached skill level 1 in Dodging
  1646 | D:3      | Reached XP level 4. HP: 35/37 MP: 5/5
  2170 | D:3      | Found a snail-covered altar of Cheibriados.
  2362 | D:3      | Reached skill level 6 in Polearms
  2576 | D:3      | Found a runed translucent gate.
  2577 | D:3      | Found a runed translucent gate.
  2577 | D:3      | Found a runed translucent gate.
  2584 | D:3      | Found an opulent altar of Gozag.
  2586 | D:3      | Noticed voltaire321's ghost (amateur OpVM)
  3020 | D:4      | Noticed a phantom
  3098 | D:3      | Learned a level 3 spell: Frozen Ramparts
  3260 | D:4      | Found a blossoming altar of Fedhas.
  3268 | D:4      | Reached XP level 5. HP: 42/42 MP: 6/6
  3377 | D:4      | Noticed Ijyb
  3385 | D:4      | Reached skill level 1 in Ice Magic
  3387 | D:4      | Paralysed by Ijyb for 2 turns
  3396 | D:4      | Slain by Ijyb

Illustrated notes

Levels and vault maps discovered:
D:1:      amcnicky_arrival_blooded_trapdoor, layout_basic,
          shapermc_ecumenical_altar_gd
D:2:      layout_loops_ring, serial_shops, nicolae_shop_stone, basic_altar,
          amcnicky_mini_rare_corridor_liquid
D:3:      layout_loops_corners, general_overflow_altar, ebering_ghost_gozag,
          serial_rivers, chequers_serial_rivers_marsh,
          chequers_serial_rivers_small_a, chequers_serial_rivers_large_b,
          chequers_serial_rivers_room_a, minmay_fractal_squares_diagonal_5
D:4:      kennysheep_goblin_castle, layout_basic, lemuel_round_altar,
          nicolae_uskayaw_dance_hall, minmay_temple_entry_drinking_statues,
          serial_shops, nicolae_shop_bloodbath_and_beyond,
          hangedman_decor_growths

Skill      XL: |  1  2  3  4  5 |
---------------+----------------+-----
Polearms       | 5 6 |  6.1
Dodging        | 1 2 |  2.0
Fighting       | 4 |  4.2
Ice Magic      | 1 |  1.0
Spellcasting   | |  1.0
Fire Magic     | |  2.1

Action                   |  1- 3 |  4- 6 || total
-------------------------+-------+-------++-------
Melee: Spear             |   142 |   142 ||   284
       Punch             |       |     1 ||     1
Throw: Dart              |     7 |    18 ||    25
 Cast: Frozen Ramparts   |       |     1 ||     1
Invok: Fiery Armour      |     1 |       ||     1
       Foxfire Swarm     |       |     1 ||     1
 Stab: Sleeping          |     2 |       ||     2
Armor: Robe              |    17 |    10 ||    27
       Leather armour    |       |    13 ||    13
Dodge: Dodged            |    61 |    62 ||   123

Table legend: (Time is in decaauts)
 A = Elapsed time spent in this place.
 B = Non-inter-level travel time spent in this place.
 C = Inter-level travel time spent in this place.
 D = Time resting spent in this place.
 E = Time spent auto-exploring this place.
 F = Levels seen in this place.
 G = Mean time per level.
                   A        B        C        D        E       F      G
               +--------+--------+--------+--------+--------+-----+--------+
         Total |   3325 |   3252 |     73 |      0 |   2676 |   4 |  831.2 |
       Dungeon |   3325 |   3252 |     73 |      0 |   2676 |   4 |  831.2 |
               +--------+--------+--------+--------+--------+-----+--------+

Top non-repeatable levels by time:
     D:3: 1532 daAuts
     D:2: 774 daAuts
     D:1: 668 daAuts
     D:4: 350 daAuts
